 Dungeon Crawl Stone Soup version 0.32-a0-791-gfc315c9ecd (webtiles) character file.

Game seed: 18445800066489425426

9061 ezpacito the Chopper (level 11, -18/84 HPs)
             Began as a Coglin Chaos Knight on Mar 20, 2024.
             Was a High Priest of Jiyva.
             Demolished by a death yak simulacrum (39 damage)
             ... in an ice cave.
             The game lasted 00:16:10 (7674 turns).

ezpacito the Chopper (Coglin Chaos Knight)          Turns: 7674, Time: 00:16:11

Health: -18/84     AC: 15    Str: 19    XL:     11   Next: 40%
Magic:  17/17      EV:  9    Int: 19    God:    Jiyva [*****.]
Gold:   272        SH:  0    Dex: 10    Spells: 18/18 levels left

rFire   . . .        a - +1 hand axe (chaos) {Arun}
rCold   . . .        k - +0 trident {Suphaphon}
rNeg    . . .        c - +0 chain mail
rPois   .            p - +2 helmet {SInv}
rElec   .            (no cloak)
rCorr   +            m - +0 pair of gloves
SInv    +            (no boots)
Will    .....        (amulet unavailable)
Stlth   +            (ring unavailable)
HPRegen 1.78/turn    (ring unavailable)
MPRegen 0.87/turn    (no gizmo)

%: no passive effects
@: revved
A: off-hand wielding, slow wielding, warmup strikes, no jewellery, clever 2,
screaming 1, strong 1, translucent skin 2, engulf
a: Invent Gizmo, Renounce Religion, Oozemancy, Slimify


You were in an ice cave.
You worshipped Jiyva.
Jiyva was extremely pleased with you.
You visited 2 branches of the dungeon, and saw 12 of its levels.
You also visited: Sewer and Ice Cave.

You collected 598 gold pieces.
You spent 326 gold pieces at shops.

Inventory:

Hand Weapons
 a - a +1 hand axe of chaos (weapon) {Arun}
 j - a +2 dagger of flaming
 k - a +0 trident (offhand) {Suphaphon}
 w - a +0 war axe
 y - a +2 long sword of flaming
Missiles
 e - 13 javelins (quivered)
 t - 2 throwing nets
 A - 6 boomerangs
 D - 5 silver javelins
Armour
 c - a +0 chain mail (worn)
 f - a +0 plate armour
 m - a +0 pair of gloves (worn)
 p - a +2 helmet of see invisible (worn)
Wands
 b - a wand of charming (9)
 d - a wand of flame (46)
 g - a wand of iceblast (6)
 v - a wand of polymorph (18)
 x - a wand of mindburst (14)
 E - a wand of light (2)
Scrolls
 z - 2 scrolls of poison
 B - a scroll of blinking
Potions
 s - 2 potions of lignification


   Skills:
 * Level 7.5 Fighting
 * Level 7.8(8.5) Axes
 + Level 4.6(6.5) Polearms
 * Level 6.7 Armour
 * Level 6.4 Dodging
 + Level 4.5 Stealth
 + Level 4.1 Spellcasting
 + Level 6.6 Evocations


You had 18 spell levels left.
You didn't know any spells.
Your spell library contained the following spells:

 Spells                   Type           Power      Damage    Failure   Level
 Shock                    Conj/Air       12%        1d3       67%         1
 Sting                    Conj/Alch      12%        1d3       67%         1
 Lesser Beckoning         Tloc           6%         N/A       82%         2
 Mercury Vapours          Alch/Air       6%         N/A       82%         2
 Static Discharge         Conj/Air       6%         3-4/arc   82%         2
 Call Canine Familiar     Summ           3%         N/A       96%         3
 Gell's Gravitas          Tloc           3%         N/A       96%         3
 Sigil of Binding         Hex            3%         N/A       96%         3
 Teleport Other           Tloc           3%         N/A       96%         3
 Airstrike                Air            1%         2d(1-17)  100%        4
 Dimensional Bullseye     Hex/Tloc       1%         N/A       100%        4
 Flame Wave               Conj/Fire      3%         2d5       100%        4
 Olgreb's Toxic Radiance  Alch           3%         N/A       100%        4
 Summon Lightning Spire   Summ/Air       3%         N/A       100%        4
 Bombard                  Conj/Erth      1%         9d1       100%        6
 Conjure Ball Lightning   Conj/Air       1%         3x3d6     100%        6


Dungeon Overview and Level Annotations

Branches:
Dungeon (12/15)            Temple (1/1) D:6             Orc (0/2) D:10
  Sewer (visited)           IceCv (1/1)
   Lair: D:8-11

Altars:
Ashenzari
Cheibriados
Dithmenos
Elyvilon
Fedhas
Gozag
Hepliaklqana
Kikubaaqudgha
Makhleb
Nemelex Xobeh
Okawaru
Qazlal
Ru
Sif Muna
Trog
Uskayaw
Vehumet
Wu Jian
Xom
Yredelemnul
Zin
The Shining One

Shops:
D:2 [   D:5 *   D:7 *   D:12 *


Innate Abilities, Weirdness & Mutations

You can wield a second weapon in your off-hand.
It takes a long time for you to wield or remove held weapons.
Your first few attacks do less damage.
You cannot equip rings or amulets.
Your mind is very acute. (Int +8, Str/Dex -2)
You occasionally shout uncontrollably at your foes.
Your muscles are strong. (Str +4, Int/Dex -1)
Your translucent skin reduces your foes' accuracy. (Stealth+)
Your melee attacks may engulf your foes in ooze.


Message History

The cane toad simulacrum is severely damaged.
You hit the elephant simulacrum but do no damage.
The elephant simulacrum tramples you.
You hold your ground!
The elephant simulacrum trunk-slaps you but does no damage.
You take 4 damage, and have 55/84 hp.
You are too injured to fight recklessly!
You are too injured to fight recklessly!
You are too injured to fight recklessly!
You hit the elephant simulacrum but do no damage.
The elephant simulacrum seems to speed up.
The elephant simulacrum is heavily damaged.
You hit the elephant simulacrum but do no damage.
You completely miss the death yak simulacrum with your +1 hand axe of chaos.
You hit the elephant simulacrum but do no damage.
The elephant simulacrum tramples you but does no damage.
The elephant simulacrum trunk-slaps you.
The elephant simulacrum freezes you! The elephant simulacrum tramples you!
You stumble backwards!
You take 20 damage, and have 35/84 hp.
MASSIVE DAMAGE!!
You hit the death yak simulacrum but do no damage. x2
The death yak simulacrum looks weaker.
You hit the elephant simulacrum but do no damage.
The elephant simulacrum tramples you!
* * * LOW HITPOINT WARNING * * *
You hold your ground!
The elephant simulacrum closely misses you.
You take 10 damage, and have 25/84 hp.
You hit the death yak simulacrum with your +1 hand axe of chaos.
You melt the death yak simulacrum.
The death yak simulacrum is lightly damaged.
You hit the cane toad simulacrum but do no damage.
You hit the elephant simulacrum with your +1 hand axe of chaos.
The elephant simulacrum convulses.
You hit the death yak simulacrum with your +0 trident.
The death yak simulacrum gores you.
* * * LOW HITPOINT WARNING * * *
The death yak simulacrum freezes you!!!
You die...
Jiyva sends a jelly to digest your remains.
Xom is highly amused!

#######
##@Z∩..##
##ZZZ∩...##
#..§......#
#....†......#
#...........#
#...........#
#.............#
#....ß...ß....#
#......(......#


You could see a death yak simulacrum (weak), 2 elephant simulacra and a cane
toad simulacrum.

Vanquished Creatures
  A boulder beetle (D:12)
  2 ugly things
  Joseph (D:7)
  A rime drake (D:8)
  2 unseen horrors
  A kobold demonologist (D:12)
  A troll (D:12)
  A hellwing (D:10)
  Grinder (D:3)
  Sigmund (D:3)
  5 yaks (D:8)
  A shadow (D:12)
  Eustachio (D:4)
  A wyvern (D:8)
  A steam dragon (D:9)
  6 vampire mosquitoes (D:12)
  Duvessa (D:6)
  A water moccasin (D:4)
  4 orc warriors
  4 ice beasts
  A black bear (D:5)
  2 sky beasts
  An ogre (D:5)
  3 centaurs
  A phantom (D:6)
  6 bullfrogs
  2 kobold brigands (D:12)
  4 scorpions
  Dowan (D:6)
  4 killer bees (D:9)
  An electric eel (D:7)
  A howler monkey (D:8)
  2 hounds (D:5)
  5 orc priests
  A bombardier beetle (D:3)
  2 jellies (Sewer)
  A gnoll bouda (D:8)
  4 iguanas
  3 sleepcaps
  6 orc wizards
  3 gnolls (D:8)
  8 adders
  3 river rats (D:4)
  13 white imps
  4 ribbon worms
  2 dart slugs
  21 orcs
  8 ball pythons
  5 bats
  12 endoplasms
  8 giant cockroaches
  7 goblins
  9 hobgoblins
  7 kobolds
  3 quokkas
  6 frilled lizards
  11 rats
218 creatures vanquished.

Vanquished Creatures (collateral kills)
  A chaos spawn (D:10)
  A kobold brigand (D:10)
  An adder (D:6)
3 creatures vanquished.

Vanquished Creatures (others)
  A slime creature (D:10)
  A water moccasin (D:5)
  A black bear (D:6)
  A centaur (D:6)
  2 scorpions
  11 jellies
  An orc priest (D:7)
  An adder (D:4)
  A river rat (D:4)
  3 orcs
  A rat (D:4)
24 creatures vanquished.

Grand Total: 245 creatures vanquished

Notes
Turn   | Place    | Note
-------+----------+-------------------------------------------
     0 | D:1      | ezpacito the Coglin Chaos Knight began the quest for the
                  | Orb.
     0 | D:1      | Reached XP level 1. HP: 18/18 MP: 1/1
   149 | D:1      | Reached skill level 1 in Dodging
   221 | D:1      | Reached XP level 2. HP: 24/24 MP: 2/2
   241 | D:1      | XOM: divination: detect items
   276 | D:1      | XOM: divination: detect items
   383 | D:1      | XOM: potion effect (attraction)
   419 | D:1      | XOM: divination: magic mapping
   434 | D:1      | XOM: scenery: create altars
   961 | D:1      | XOM: give mutations
   961 | D:1      | Gained mutation: You are partially covered in iridescent
                  | scales. (AC +2) [Xom's grace]
   961 | D:1      | Gained mutation: You are somewhat resistant to further
                  | mutation. [Xom's grace]
  1026 | D:2      | XOM: cloud trail
  1035 | D:2      | Reached XP level 3. HP: 28/29 MP: 3/3
  1155 | D:2      | XOM: god gift: 32 gold pieces
  1182 | D:2      | XOM: 2-stop teleportation journey
  1251 | D:2      | Found Jull's Armour Boutique.
  1362 | D:2      | XOM: give mutations
  1362 | D:2      | Gained mutation: You are occasionally teleported next to
                  | monsters. [Xom's mischief]
  1362 | D:2      | Gained mutation: You do not regenerate when monsters are
                  | visible. [Xom's mischief]
  1400 | D:2      | XOM: divination: detect items
  1473 | D:2      | Found a faded altar of an unknown god.
  1761 | D:2      | XOM: give mutation
  1761 | D:2      | Gained mutation: Your skin changes colour to match your
                  | surroundings (Stealth+). [Xom's grace]
  1839 | D:3      | Reached XP level 4. HP: 34/35 MP: 4/4
  1850 | D:3      | Found a sacrificial altar of Ru.
  1886 | D:3      | XOM: 1-stop teleportation journey
  1941 | D:3      | Noticed Grinder
  1944 | D:3      | XOM: fog
  1950 | D:3      | XOM: enchant monster (good)
  1951 | D:3      | Killed Grinder
  1952 | D:3      | Reached skill level 1 in Polearms
  1952 | D:3      | Reached skill level 1 in Stealth
  1952 | D:3      | Reached skill level 1 in Spellcasting
  1952 | D:3      | Reached skill level 1 in Evocations
  1952 | D:3      | Reached XP level 5. HP: 26/41 MP: 4/6
  1952 | D:3      | Reached XP level 6. HP: 30/47 MP: 4/7
  2065 | D:3      | Noticed Sigmund
  2077 | D:3      | Killed Sigmund
  2159 | D:3      | Reached XP level 7. HP: 26/53 MP: 8/8
  2254 | D:3      | XOM: scenery: summon butterflies
  2434 | D:3      | Found a shimmering altar of Xom.
  2552 | D:4      | XOM: destruction
  2569 | D:4      | Noticed Eustachio
  2572 | D:4      | XOM: fog
  2577 | D:4      | XOM: god gift: +2 helmet of see invisible
  2585 | D:4      | XOM: divination: detect items
  2657 | D:4      | Got the Handbook of Fulmination
  2739 | D:4      | Found a glowing drain.
  2749 | D:4      | XOM: 1-stop teleportation journey
  2803 | Sewer    | Entered a sewer
  3020 | Sewer    | Found a viscous altar of Jiyva.
  3039 | Sewer    | Fell from the grace of Xom
  3039 | Sewer    | Became a worshipper of Jiyva Jeateic the Shapeless
  3124 | D:4      | Killed Eustachio
  3125 | D:4      | Reached XP level 8. HP: 38/61 MP: 10/10
  3568 | D:4      | Reached * piety under Jiyva
  3596 | D:4      | XOM: noise
  3724 | D:4      | XOM: stat loss: -2 Str (13/15)
  4004 | D:4      | XOM: polymorph jelly -> river rat
  4014 | D:5      | Entered Level 5 of the Dungeon
  4092 | D:5      | Reached skill level 5 in Axes
  4106 | D:5      | Lost mutation: You are partially covered in iridescent
                  | scales. (AC +2) [potion of mutation]
  4106 | D:5      | Lost mutation: You do not regenerate when monsters are
                  | visible. [potion of mutation]
  4106 | D:5      | Lost mutation: You are somewhat resistant to further
                  | mutation. [potion of mutation]
  4106 | D:5      | Gained mutation: Armour fits poorly on your strangely
                  | shaped body. [potion of mutation]
  4106 | D:5      | Gained mutation: Your muscles are strong. (Str +4, Int/Dex
                  | -1) [potion of mutation]
  4107 | D:5      | Lost mutation: Armour fits poorly on your strangely shaped
                  | body. [potion of mutation]
  4107 | D:5      | Lost mutation: You are occasionally teleported next to
                  | monsters. [potion of mutation]
  4107 | D:5      | Lost mutation: Your skin changes colour to match your
                  | surroundings (Stealth+). [potion of mutation]
  4107 | D:5      | Gained mutation: You passively dampen the noise of your
                  | surroundings. [potion of mutation]
  4107 | D:5      | Gained mutation: You are frail. (-10% HP) [potion of
                  | mutation]
  4241 | D:5      | Reached skill level 5 in Fighting
  4243 | D:5      | Reached ** piety under Jiyva
  4509 | D:5      | Found Lahu's Luxury Loot.
  4522 | D:5      | Bought a potion of lignification for 30 gold pieces
  4540 | D:5      | XOM: summons 2 hostile demons
  4571 | D:5      | Reached XP level 9. HP: 61/61 MP: 12/12
  4746 | D:6      | Noticed Duvessa
  4747 | D:6      | Noticed Dowan
  4774 | D:6      | Killed Duvessa
  4785 | D:6      | Killed Dowan
  4878 | D:6      | Found a hide-covered altar of Uskayaw.
  5037 | D:6      | XOM: give mutations
  5037 | D:6      | Lost mutation: You are frail. (-10% HP) [Xom's mischief]
  5037 | D:6      | Gained mutation: You occasionally shout uncontrollably at
                  | your foes. [Xom's mischief]
  5067 | D:6      | Found a staircase to the Ecumenical Temple.
  5134 | D:6      | Found a snail-covered altar of Cheibriados.
  5134 | D:6      | Reached *** piety under Jiyva
  5434 | Temple   | Entered the Ecumenical Temple
  5526 | D:7      | Found Biux's Gadget Gallery.
  5531 | D:7      | Bought a wand of flame (6) for 54 gold pieces
  5531 | D:7      | Bought a wand of charming (4) for 124 gold pieces
  5531 | D:7      | Bought a wand of flame (5) for 45 gold pieces
  5646 | D:7      | XOM: polymorph jelly -> shapeshifter
  5654 | D:7      | Lost mutation: Your muscles are strong. (Str +4, Int/Dex
                  | -1) [Jiyva's grace]
  5654 | D:7      | Gained mutation: Your melee attacks may engulf your foes in
                  | ooze. [Jiyva's grace]
  5654 | D:7      | Gained mutation: You are covered in slimy tendrils that may
                  | disarm your opponents. [Jiyva's grace]
  5654 | D:7      | Gained mutation: Your translucent skin slightly reduces
                  | your foes' accuracy. (Stealth+) [Jiyva's grace]
  5654 | D:7      | Gained mutation: Your translucent skin reduces your foes'
                  | accuracy. (Stealth+) [Jiyva's grace]
  5763 | D:7      | Reached skill level 5 in Armour
  5871 | D:7      | Noticed Joseph
  5888 | D:7      | Found a bloodstained altar of Trog.
  5889 | D:7      | Killed Joseph
  5985 | D:7      | Found a shimmering blue altar of Sif Muna.
  6199 | D:8      | Reached **** piety under Jiyva
  6274 | D:8      | Noticed an unseen horror
  6281 | D:8      | Killed an unseen horror
  6282 | D:8      | Reached skill level 5 in Dodging
  6282 | D:8      | Reached skill level 5 in Evocations
  6282 | D:8      | Reached XP level 10. HP: 76/76 MP: 14/14
  6332 | D:8      | Found a radiant altar of Vehumet.
  6806 | D:9      | Lost mutation: Your translucent skin reduces your foes'
                  | accuracy. (Stealth+) [potion of mutation]
  6806 | D:9      | Lost mutation: Your translucent skin slightly reduces your
                  | foes' accuracy. (Stealth+) [potion of mutation]
  6806 | D:9      | Lost mutation: You are covered in slimy tendrils that may
                  | disarm your opponents. [potion of mutation]
  6806 | D:9      | Gained mutation: You occasionally lose the ability to read
                  | scrolls when taking damage. [potion of mutation]
  6806 | D:9      | Lost mutation: You passively dampen the noise of your
                  | surroundings. [potion of mutation]
  6806 | D:9      | Gained mutation: Your flesh is heat resistant. (rF+)
                  | [potion of mutation]
  6807 | D:9      | Lost mutation: You occasionally lose the ability to read
                  | scrolls when taking damage. [potion of mutation]
  6807 | D:9      | Lost mutation: Your flesh is heat resistant. (rF+) [potion
                  | of mutation]
  6807 | D:9      | Gained mutation: Your muscles are strong. (Str +4, Int/Dex
                  | -1) [potion of mutation]
  6854 | D:9      | XOM: 1-stop teleportation journey
  6867 | D:9      | Reached ***** piety under Jiyva
  6890 | D:9      | Noticed an unseen horror
  6899 | D:9      | Killed an unseen horror
  7301 | D:10     | Entered Level 10 of the Dungeon
  7303 | D:10     | Found a staircase to the Orcish Mines.
  7452 | D:10     | XOM: 4-stop teleportation journey
  7467 | D:10     | Gained mutation: Your mind is acute. (Int +4, Str/Dex -1)
                  | [Jiyva's grace]
  7467 | D:10     | Gained mutation: Your mind is very acute. (Int +8, Str/Dex
                  | -2) [Jiyva's grace]
  7467 | D:10     | Gained mutation: Your translucent skin slightly reduces
                  | your foes' accuracy. (Stealth+) [Jiyva's grace]
  7467 | D:10     | Gained mutation: Your translucent skin reduces your foes'
                  | accuracy. (Stealth+) [Jiyva's grace]
  7479 | D:10     | You fall into a shaft and drop 2 floors!
  7490 | D:12     | Noticed a kobold demonologist
  7497 | D:12     | Killed a kobold demonologist
  7512 | D:12     | Reached XP level 11. HP: 61/84 MP: 16/16
  7552 | D:12     | Found Naonlido's Elemental Accessories.
  7573 | D:12     | Noticed a red ugly thing
  7579 | D:12     | HP: 3/84 [red ugly thing (8)]
  7580 | D:12     | Killed a red ugly thing
  7587 | D:12     | Noticed a boulder beetle
  7594 | D:12     | Killed a boulder beetle
  7600 | D:12     | Bought a wand of flame (7) for 73 gold pieces
  7626 | D:12     | Found a frozen archway.
  7660 | IceCv    | Entered an ice cave
  7660 | IceCv    | Noticed a white ugly thing
  7668 | IceCv    | Killed a white ugly thing
  7674 | IceCv    | Demolished by a death yak simulacrum

Illustrated notes

Levels and vault maps discovered:
D:1:      lemuel_arrival_muddy, layout_basic
D:2:      layout_basic, ebering_ecumenical_altar_mist, serial_shops, shop
D:3:      layout_rooms, nicolae_ru_awakened_eye, general_overflow_altar,
          uniq_crazy_yiuf_cottage, uniq_grinder, uniq_sigmund
D:4:      layout_basic, lightli_sewer_entry_pipes, uniq_eustachio
D:5:      layout_loops_ring, nicolae_alphabet_shops, minmay_misc_feat_roman,
          nicolae_nh_ransacked_shop
D:6:      layout_loops_ring, mainiacjoe_overflow_paths,
          nicolae_uskayaw_dance_hall, minmay_temple_entry_gardened_gates,
          chequers_mini_garden, uniq_duvessa
D:7:      layout_loops_cross, mainiacjoe_overflow_alcove_1,
          lemuel_blue_sif_altar, serial_bayou_lagoon_a,
          minmay_stone_trees_medium, nicolae_shop_gadgets, uniq_joseph
D:8:      layout_basic, nicolae_vehumet_radiance
D:9:      layout_roguey, chequers_garden, dk_vineyard_1, kennysheep_small_spiral
D:10:     minmay_the_grid_octo_2x2 [minmay_the_grid_octo_odd_swirl,
          minmay_the_grid_octo_focus, minmay_the_grid_octo_clover,
          minmay_the_grid_octo_prize_single_spiral], layout_basic, orc_0_dummy,
          serial_demonic, serial_demonic_g, serial_demonic_f, serial_demonic_c,
          serial_demonic_b, minmay_fractal_squares_gapless_5
D:12:     layout_rooms, portal_ice_cave_entry_imps, nicolae_elemental_shop
Temple:   bh_familiar_temple
IceCv:    ice_cave_statue_garden_transporter

Skill      XL: |  1  2  3  4  5  6  7  8  9 10 11 |
---------------+----------------------------------+-----
Dodging        | 1 2 3 4 5 6 |  6.4
Armour         | 2 3 4 5 6 |  6.7
Axes           | 4 5 6 7 |  7.8
Polearms       | 1 2 3 4 |  4.6
Stealth        | 1 2 3 4 |  4.5
Spellcasting   | 1 2 3 4 |  4.1
Evocations     | 1 2 3 5 6 |  6.6
Fighting       | 4 5 6 7 |  7.5

Action                     |  1- 3 |  4- 6 |  7- 9 | 10-12 || total
---------------------------+-------+-------+-------+-------++-------
  Melee: Hand axe          |    82 |    19 |   290 |   161 ||   552
         Dagger            |    61 |       |       |       ||    61
         Trident           |    11 |    38 |   322 |   185 ||   556
         Unarmed           |       |       |    27 |    15 ||    42
  Evoke: Wand              |       |       |       |    10 ||    10
    Use: Potion            |       |     1 |     8 |    10 ||    19
         Scroll            |       |       |     9 |     8 ||    17
   Stab: Sleeping          |     3 |       |       |       ||     3
         Petrifying        |     1 |       |       |       ||     1
         Held in net/web   |       |     1 |       |     1 ||     2
         Petrified         |       |       |     6 |       ||     6
         Confused          |       |       |    10 |     3 ||    13
         Paralysed         |       |       |     3 |     2 ||     5
 Armour: Leather armour    |    45 |       |       |       ||    45
         Chain mail        |     7 |    24 |   280 |   240 ||   551
         Skin              |       |       |    16 |     5 ||    21
  Dodge: Dodged            |    36 |    10 |   133 |   158 ||   337

Table legend: (Time is in decaauts)
 A = Elapsed time spent in this place.
 B = Non-inter-level travel time spent in this place.
 C = Inter-level travel time spent in this place.
 D = Time resting spent in this place.
 E = Time spent auto-exploring this place.
 F = Levels seen in this place.
 G = Mean time per level.
                   A        B        C        D        E       F      G
               +--------+--------+--------+--------+--------+-----+--------+
         Total |   7712 |   7227 |    485 |    131 |   5420 |  14 |  550.9 |
       Dungeon |   7416 |   6931 |    485 |    131 |   5258 |  11 |  674.2 |
        Temple |      1 |      1 |      0 |      0 |      0 |   1 |    1.0 |
         Sewer |    281 |    281 |      0 |      0 |    162 |   1 |  281.0 |
      Ice Cave |     13 |     13 |      0 |      0 |      0 |   1 |   13.0 |
               +--------+--------+--------+--------+--------+-----+--------+

Top non-repeatable levels by time:
     D:4: 1325 daAuts
     D:1: 1031 daAuts
     D:6: 765 daAuts
     D:3: 749 daAuts
     D:2: 738 daAuts
     D:7: 712 daAuts
     D:5: 666 daAuts
     D:9: 562 daAuts
     D:8: 537 daAuts
   Sewer: 281 daAuts
    D:12: 177 daAuts
    D:10: 149 daAuts
   IceCv: 13 daAuts
  Temple: 1 daAuts
